 Dungeon Crawl Stone Soup version 0.27-a0-1228-gfd60fd639a (webtiles) character file.

Game seed: 14959514457388945283

292 Azzok the Chopper (level 6, -2/73 HPs)
             Began as a Demonspawn Berserker on June 7, 2021.
             Was a Priest of Trog.
             Splashed by a jelly's acid (4 damage)
             ... on level 4 of the Dungeon.
             The game lasted 00:05:03 (3893 turns).

Azzok the Chopper (Demonspawn Berserker)            Turns: 3893, Time: 00:05:03

Health: -2/73      AC:  1    Str: 19    XL:     6   Next: 10%
Magic:  6/6        EV:  6    Int:  9    God:    Trog [***...]
Gold:   184        SH:  0    Dex: 12    Spells: 5/5 levels left

rFire    . . .     SeeInvis .   a - +0 hand axe
rCold    . . .     Faith    .   (no shield)
rNeg     . . .     Spirit   .   i - +0 plate armour
rPois    .         Reflect  .   (no helmet)
rElec    .         Harm     .   j - +0 cloak
rCorr    .         Rampage  .   (no gloves)
Will     +....                  (no boots)
Stlth    ..........             (no amulet)
HPRegen  0.22/turn              d - ring of willpower
MPRegen  0.10/turn              k - +4 ring of protection

@: berserking, corroded, very quick
A: rugged brown scales 1, powered by death 1
a: Renounce Religion, Berserk, Trog's Hand


You were on level 4 of the Dungeon.
You worshipped Trog.
Trog was most pleased with you.
You visited 1 branch of the dungeon, and saw 4 of its levels.

You collected 184 gold pieces.

Inventory:

Hand Weapons
 a - a +0 hand axe (weapon)
Armour
 i - a +0 plate armour (worn)
 j - a +0 cloak (worn)
Jewellery
 d - a ring of willpower (left hand)
 e - a ring of resist corrosion
 k - a +4 ring of protection (right hand)
 t - a +6 ring of dexterity
 u - a +4 ring of evasion
 v - a ring of flight
Scrolls
 c - a scroll of identify {unknown}
 g - a scroll of amnesia {unknown}
 l - a scroll of brand weapon {unknown}
 m - a scroll of torment {unknown}
 n - a scroll of fear {unknown}
 p - a scroll of holy word {unknown}
 q - a scroll of acquirement {unknown}
 r - a scroll of enchant weapon {unknown}
Potions
 b - a potion of lignification {unknown}
 f - a potion of curing {unknown}
 h - a potion of might {unknown}
 o - a potion of brilliance {unknown}
 s - a potion of flight {unknown}


   Skills:
 - Level 4.1 Fighting
 + Level 4.3 Axes
 - Level 3.0 Armour
 - Level 3.1 Dodging


You had 5 spell levels left.
You didn't know any spells.
Your spell library was empty.

Dungeon Overview and Level Annotations

Branches:
Dungeon (4/15)
 Temple: D:4-7

Altars:
Hepliaklqana
Ru
Xom

Shops:
D:3 =


Innate Abilities, Weirdness & Mutations

You are partially covered in rugged brown scales. (AC +1, +3% HP)
You regenerate a little health from kills.


Message History

A jelly is nearby!
The jelly hits you but does no damage.
Your plate armour prevents you from hitting the jelly.
The jelly hits you but does no damage.
You hit the jelly but do no damage.
Your hands burn!
The jelly hits you but does no damage.
You hit the jelly.
Your hands burn!
The jelly is moderately wounded.
The jelly hits you but does no damage.
You hit the jelly.
Your hands burn!
The jelly is moderately wounded.
The jelly hits you but does no damage.
You hit the jelly.
Your hands burn!
The jelly is heavily wounded.
The jelly hits you but does no damage.
You hit the jelly. The acid corrodes you!
Your hands burn!
The jelly is heavily wounded.
The jelly hits you but does no damage.
You hit the jelly but do no damage.
Your hands burn!
The jelly is heavily wounded.
The jelly hits you. The acid corrodes you!
You are splashed with acid!
You hit the jelly but do no damage. The acid corrodes you!
Your hands burn!
The jelly is heavily wounded.
The jelly hits you but does no damage.
You hit the jelly.
Your hands burn!
* * * LOW HITPOINT WARNING * * *
The jelly is severely wounded.
The jelly hits you.
* * * LOW HITPOINT WARNING * * *
The acid corrodes you!
You are splashed with acid!
* * * LOW HITPOINT WARNING * * *
A red film seems to cover your vision as you go berserk!
You feel yourself moving faster!
You feel mighty! The jelly hits you but does no damage.
You hit the jelly but do no damage.
Your hands burn!
* * * LOW HITPOINT WARNING * * *
The jelly is severely wounded.
The jelly barely misses you.
You hit the jelly but do no damage.
Your hands burn!
You die...

·▒ ·▒▒ ··▒ ▒· ▒··▒▒ ▒▒··
▒··▒▒····▒ ▒▒··▒
▒▒··▒·J···▒ ·▒···
▒··▒▒@▒·▒·▒ ▒▒··▒
▒▒···▒·····▒▒ ····▒
▒▒······▒·▒··▒ ····▒
▒▒···>········▒
····▒▒▒▒▒·······▒▒▒▒▒▒·▒
······▒▒···)····▒ ▒
·▒▒▒···········▒▒ ·▒
▒▒▒·········▒ ▒▒
▒▒▒·······▒


You could see a jelly.

Vanquished Creatures
  A bullfrog (D:3)
  An orc priest (D:3)
  2 orc wizards
  3 adders
  3 gnolls (D:2)
  A white imp (D:3)
  2 worms
  2 dart slugs
  7 orcs
  3 ball pythons
  2 bats
  7 endoplasms
  3 giant cockroaches
  7 goblins
  3 hobgoblins
  8 jackals
  4 quokkas
  3 frilled lizards
  4 kobolds
  2 rats
68 creatures vanquished.

Notes
Turn   | Place    | Note
-------+----------+-------------------------------------------
     0 | D:1      | Azzok the Demonspawn Berserker began the quest for the Orb.
     0 | D:1      | Reached XP level 1. HP: 18/18 MP: 1/1
   243 | D:1      | Gained mutation: You are partially covered in rugged brown
                  | scales. (AC +1, +3% HP) [demonic ancestry]
   243 | D:1      | Reached XP level 2. HP: 17/24 MP: 2/2
   864 | D:1      | Reached XP level 3. HP: 29/29 MP: 3/3
   994 | D:2      | Reached ** piety under Trog
  1324 | D:2      | Gained mutation: You regenerate a little health from kills.
                  | [demonic ancestry]
  1324 | D:2      | Reached XP level 4. HP: 30/36 MP: 4/4
  2236 | D:3      | Noticed a bullfrog
  2247 | D:3      | Killed a bullfrog
  2248 | D:3      | Reached XP level 5. HP: 41/43 MP: 5/5
  2382 | D:3      | Found Kokycaw's Jewellery Shop.
  2411 | D:3      | Found a hazy altar of Hepliaklqana.
  2412 | D:3      | Found a shimmering altar of Xom.
  2413 | D:3      | Noticed a spectral ugly thing
  2760 | D:3      | Found a faded altar of an unknown god.
  3535 | D:4      | Reached XP level 6. HP: 49/49 MP: 6/6
  3623 | D:4      | Found a sacrificial altar of Ru.
  3630 | D:4      | Reached *** piety under Trog
  3892 | D:4      | HP: 2/73 [acid (5)]
  3893 | D:4      | Splashed by a jelly's acid

Illustrated notes

Levels and vault maps discovered:
D:1:      nzn_arrival_crosshair, layout_basic, serial_park_tiny_2
D:2:      layout_loops_corners, chequers_serial_rivers_micro_d
D:3:      layout_loops_ring, regret_index_temple_of_mockery,
          ebering_ecumenical_altar_rust, serial_shops,
          nicolae_shop_window_shopping, st_stairs_2, minmay_fountain_box
D:4:      layout_layer_cave, old_standard_altar, lemuel_crystal_altar,
          serial_glass, glass_columns_a, glass_columns_a, grunt_ministairs_13,
          uniq_edmund, uniq_pikel

Skill      XL: |  1  2  3  4  5 |
---------------+----------------+-----
Armour         | 2 3 |  3.0
Dodging        | 2 3 |  3.1
Axes           | 3 4 |  4.3
Fighting       | 4 |  4.1

Action                   |  1- 3 |  4- 6 || total
-------------------------+-------+-------++-------
Melee: Hand axe          |   105 |   190 ||   295
Invok: Berserk           |     2 |     6 ||     8
Armor: Animal skin       |     9 |       ||     9
       Scale mail        |    32 |    21 ||    53
       Plate armour      |       |    81 ||    81
       Chain mail        |       |     9 ||     9
Dodge: Dodged            |    74 |    72 ||   146

Table legend: (Time is in decaauts)
 A = Elapsed time spent in this place.
 B = Non-inter-level travel time spent in this place.
 C = Inter-level travel time spent in this place.
 D = Time resting spent in this place.
 E = Time spent auto-exploring this place.
 F = Levels seen in this place.
 G = Mean time per level.
                   A        B        C        D        E       F      G
               +--------+--------+--------+--------+--------+-----+--------+
         Total |   3993 |   3865 |    128 |    569 |   2621 |   4 |  998.2 |
       Dungeon |   3993 |   3865 |    128 |    569 |   2621 |   4 |  998.2 |
               +--------+--------+--------+--------+--------+-----+--------+

Top non-repeatable levels by time:
     D:2: 1391 daAuts
     D:3: 1222 daAuts
     D:1: 975 daAuts
     D:4: 403 daAuts
